 Dungeon Crawl Stone Soup version 0.22.0-38-g04b72b8 (webtiles) character file.

154 Fang the Chopper (level 5, -24/33 HPs)
             Began as a Gargoyle Berserker on Aug 30, 2018.
             Was a Priest of Trog.
             Killed from afar by an orc (26 damage)
             ... with an exploding inner flame
             ... hexed by the player character
             ... on level 3 of the Dungeon.
             The game lasted 00:03:54 (2024 turns).

Fang the Chopper (Gargoyle Berserker)               Turns: 2024, Time: 00:03:54

Health: -24/33     AC:  6    Str: 22    XL:     5   Next: 36%
Magic:  5/5        EV: 12    Int:  7    God:    Trog [***...]
Gold:   105        SH:  0    Dex:  9    Spells: 4/4 levels left

rFire    . . .     SeeInvis .   a - +0 hand axe
rCold    . . .     Gourm    .   (no shield)
rNeg     + . .     Faith    .   b - +0 animal skin
rPois    ∞         Spirit   .   (no helmet)
rElec    +         Reflect  .   (no cloak)
rCorr    .         Harm     .   (no gloves)
MR       .....                  (no boots)
Stlth    +.........             (no amulet)
HPRegen  0.11/turn              (no ring)
MPRegen  0.09/turn              (no ring)

@: berserk cooldown, slowed, very slow
A: negative energy resistance 1, electricity resistance, unbreathing,
petrification resistance, rot immunity, AC +4
a: Berserk, Trog's Hand, Renounce Religion


You were on level 3 of the Dungeon.
You worshipped Trog.
Trog was most pleased with you.
You were near starving.

You visited 1 branch of the dungeon, and saw 3 of its levels.

You collected 105 gold pieces.

Inventory:

Hand Weapons
 a - a +0 hand axe (weapon)
Armour
 b - a +0 animal skin (worn)
Scrolls
 d - a scroll of identify
Potions
 e - a potion of flight {unknown}
 f - a potion of ambrosia
 j - a potion of mutation {unknown}
Comestibles
 c - 5 rations


   Skills:
 + Level 4.2 Fighting
 + Level 4.3 Axes
 + Level 2.2 Armour
 + Level 2.2 Dodging
 + Level 0.6 Stealth


You had 4 spell levels left.
You didn't know any spells.
Your spell library was empty.

Dungeon Overview and Level Annotations

Branches:
Dungeon (3/15)

Altars:


Innate Abilities, Weirdness & Mutations

You are resistant to torment.
Your stone body is resilient. (AC +4)
You are immune to poison.
You resist negative energy. (rN+)
You are resistant to electric shocks. (rElec)
You can survive without breathing.
You are immune to petrification.
You are immune to rotting.


Message History

You hit the orc.
The orc is severely wounded.
You closely miss the orc. You hit something.
Something hits you but does no damage. The orc hits you but does no damage.
The orc priest invokes the aid of Beogh against you.
Beogh smites you!
* * * LOW HITPOINT WARNING * * *
Something hits you but does no damage. The orc hits you but does no damage.
The orc priest looks braver for a moment.
The orc hits you with a hand axe.
* * * LOW HITPOINT WARNING * * *
Unknown command.
You hit the orc.
The orc explodes!
The fiery explosion engulfs the orc.
You kill the orc!
Trog accepts your kill. The fiery explosion engulfs you!
Ouch! That really hurt!
You die...

*,**,,,,,,,,..#..###..##.*
*,**,**.###**............*
*,*,,**,...#*#..>........*
***,*,**,,,#..##...........*
*,,<,,**,,,*#.............#** *
,,*,****,,,**#.)............****#
***,****,,,**,,#g.o.........,,,..
*,**,,,,,*,,*#§§o........,,,...
***,**,*,,,*,**#@§§.......#..,...
*,,,,,,*,,,,,* ##§#.....###..**..
,,*,****,,,,**###...#.....>..##.#
,,*,* *,**,,*#.$......#####.#..#
,,*,****,***,#..##.....# *...#.
*,,,**,,,**#...#*##...### *#....
**,,,,,****...#**#......#####...#
**,*,*,,,,.#.*#....##...#.....##
*,,,,,****#,*#.#..##....>##....


You could see 2 orc priests and a hobgoblin (inner flame).

Vanquished Creatures
  Terence (D:2)
  Robin (D:2)
  An adder (D:2)
  A shadow imp (D:3)
  An ooze (D:2)
  A worm (D:2)
  A dart slug (D:2)
  3 leopard geckos
  An orc (D:3)
  A ball python (D:1)
  5 giant cockroaches
  20 goblins
  12 hobgoblins
  3 jackals (D:3)
  3 quokkas
  11 bats
  2 frilled lizards
  7 kobolds
  4 rats
79 creatures vanquished.

Notes
Turn   | Place    | Note
-------+----------+-------------------------------------------
     0 | D:1      | Fang the Gargoyle Berserker began the quest for the Orb.
     0 | D:1      | Reached XP level 1. HP: 14/14 MP: 1/1
    88 | D:1      | Reached XP level 2. HP: 19/19 MP: 2/2
   473 | D:1      | Reached XP level 3. HP: 13/24 MP: 3/3
   736 | D:1      | Reached ** piety under Trog
  1251 | D:2      | Reached XP level 4. HP: 24/29 MP: 4/4
  1437 | D:2      | Noticed Robin
  1441 | D:2      | Noticed Terence
  1461 | D:2      | Killed Terence
  1461 | D:2      | Reached XP level 5. HP: 33/33 MP: 5/5
  1465 | D:2      | Killed Robin
  1526 | D:2      | Reached *** piety under Trog
  2024 | D:3      | Killed from afar by an orc

Skill      XL: |  1  2  3  4 |
---------------+-------------+-----
Axes           | 3 4 |  4.3
Dodging        | 2 |  2.2
Fighting       | 4 |  4.2
Armour         | |  2.2
Stealth        | |  0.6

Action                   |  1- 3 |  4- 6 || total
-------------------------+-------+-------++-------
Melee: Hand axe          |   110 |    94 ||   204
Invok: Berserk           |     1 |     2 ||     3
  Use: Scroll            |       |     5 ||     5
  Eat: Chunk             |     2 |     3 ||     5
Armor: Animal skin       |    50 |    38 ||    88
Dodge: Dodged            |    92 |    84 ||   176
